AoeStats
← kingvtech555

Arabia

507289680Analyzed
1v1 RM · 15d ago on Sep 17, 2026· 58m 25s· 2 players
Game mode
Random Map
Map size
Tiny (2 player)
Population
200
Speed
Normal
Resources
Standard
Victory
Conquest
Starting age
Dark Age
Ending age
Imperial Age
RankedLock teamsTeams togetherTeam positionsShared explorationLock speedFull tech treeHidden civsTurbo modeCheats
Victory
Defeat
🇮🇹 Italians · Italy
174
+20
🇪🇸 Britons · Spain
264
-20
Superfede2012
1:43 Loom
12:09 Feudal Age
12:40 Double-Bit Axe
13:59 Wheelbarrow
13:17 Horse Collar
18:44 Bloodlines
21:55 Scale Mail Armor
23:02 Stone Mining
27:55 Castle Age
26:15 Gold Mining
30:15 Stone Shaft Mining
29:58 Hand Cart
29:58 Thumb Ring
29:14 Crossbowman
31:09 Padded Archer Armor
31:17 Fletching
34:16 Bodkin Arrow
34:42 Husbandry
35:11 Heavy Plow
41:34 Imperial Age
40:09 Bow Saw
40:20 Chain Mail Armor
41:48 Forging
41:44 Scale Barding Armor
43:48 Chain Barding Armor
44:04 Iron Casting
45:17 Chemistry
44:15 Murder Holes
45:55 Iron Casting
47:19 Plate Barding Armor
48:56 Hoardings
49:43 Two-Man Saw
49:22 Bracer
52:17 Fervor
53:25 Town Watch
54:10 Cavalier
57:50 Blast Furnace
57:23 Plate Mail Armor
57:26 Crop Rotation
57:52 Pikeman
58:33 Squires
kingvtech555
0:36 Loom
12:43 Feudal Age
13:13 Horse Collar
19:39 Double-Bit Axe
24:37 Castle Age
25:11 Man-at-Arms
35:46 Town Watch
36:03 Fletching
36:14 Padded Archer Armor
38:55 Bodkin Arrow
39:17 Leather Archer Armor
51:11 Imperial Age
Connection lost

Rejoining the realm…

Still unreachable

The connection could not be restored.

Session expired

The server has moved on; the page needs a fresh start.